 Dungeon Crawl Stone Soup version 0.18-b1-2-gd0c887e (webtiles) character file.

119 Slimper123 the Gusty (level 5, -4/28 HPs)
             Began as a Tengu Air Elementalist on Apr 28, 2016.
             Slain by an orc priest
             ... wielding a +0 dagger
              (6 damage)
             ... on level 3 of the Dungeon.
             The game lasted 00:19:43 (1879 turns).

Slimper123 the Gusty (Tengu Air Elementalist)       Turns: 1879, Time: 00:19:43

Health: -4/28      AC:  2    Str:  8    XL:     5   Next: 3%
Magic:  1/10       EV: 12    Int: 17    God:
Gold:   77         SH:  3    Dex: 14    Spells: 3 memorised, 4 levels left

rFire  . . .     SeeInvis .     h - +0 dagger
rCold  . . .     Gourm    .     a - +0 robe
rNeg   . . .     Faith    .     j - +0 buckler
rPois  .         Spirit   .     (helmet restricted)
rElec  .         Dismiss  .     (no cloak)
rCorr  .         Reflect  .     (no gloves)
SustAt .         Harm     .     (boots unavailable)
MR     .....                    (no amulet)
Stlth  ++........               (no ring)
                                e - ring of wizardry

@: repel missiles, not resistant to hostile enchantments, unstealthy
A: beak, talons 3, able to fly 1
a: Fly


You were on level 3 of the Dungeon.
You were not hungry.

You visited 1 branch of the dungeon, and saw 3 of its levels.

You collected 77 gold pieces.

Inventory:

Hand Weapons
 h - a +0 dagger (weapon)
Missiles
 l - 36 stones (quivered)
Armour
 a - a +0 robe (worn)
 j - a +0 buckler (worn)
Jewellery
 e - a ring of wizardry (left hand)
Scrolls
 o - a scroll of identify
Potions
 d - a potion of berserk rage {unknown}
 f - a potion of ambrosia
 g - a potion of resistance {unknown}
 m - a potion of experience {unknown}
Books
 b - a book of Air

   Spells                             Type                      Level
   a - Shock                          Conjuration/Air              1
   b - Swiftness                      Charms/Air                   2
   c - Repel Missiles                 Charms/Air                   2
   d - Static Discharge               Conjuration/Air              3
   e - Lightning Bolt                 Conjuration/Air              5
Comestibles
 c - a bread ration
 i - 2 chunks of flesh
 k - 2 meat rations
 n - a royal jelly


   Skills:
 + Level 2.5 Dodging
 + Level 2.9 Stealth
 * Level 2.9 Spellcasting
 * Level 3.2 Conjurations
 + Level 4.8 Air Magic


You had 4 spell levels left.
You knew the following spells:

 Your Spells              Type           Power        Failure   Level  Hunger
a - Shock                 Conj/Air       ###.         3%          1    #......
b - Swiftness             Chrm/Air       ##......     7%          2    ##.....
c - Repel Missiles        Chrm/Air       ##....       7%          2    ##.....


Dungeon Overview and Level Annotations

Branches:
Dungeon (3/15)

Altars:
Elyvilon


Innate Abilities, Weirdness & Mutations

You have a beak for a mouth.
You have claws for feet.
You can fly.


Message History

A ball python comes into view.
You barely miss the hobgoblin. You block the hobgoblin's attack.
You hit the hobgoblin but do no damage. Your kick misses the hobgoblin.
The orc priest calls down the wrath of Beogh upon you.
Beogh smites you!
Ouch! That really hurt!
* * * LOW HITPOINT WARNING * * *
The hobgoblin hits you.
* * * LOW HITPOINT WARNING * * *
You hit the hobgoblin but do no damage.
You claw the hobgoblin, but do no damage.
The hobgoblin barely misses you.
You hit the hobgoblin.
The hobgoblin is heavily wounded.
The hobgoblin hits you but does no damage.
You hit the hobgoblin. You claw the hobgoblin.
You kill the hobgoblin!
You hit the orc priest but do no damage.
The orc priest hits you with a dagger.
You die...

...###########
..)).So@.w...#
##
....########.#
#...... .. #.#
#.##.> .. #.#
# #.##.# .#
#.# .# #.##.#
.##.#### #)#
.###.##.##.#
...# #w#
...........#
##.####.#
.........##
##.......#


You could see a worm, an orc priest and a ball python.

Vanquished Creatures
  3 gnolls (D:3)
  4 adders (D:2)
  An ooze (D:3)
  3 giant geckos
  3 orcs (D:3)
  A ball python (D:2)
  5 bats
  3 giant cockroaches
  4 goblins
  6 hobgoblins
  3 jackals (D:2)
  A giant newt (D:2)
  3 kobolds
  2 rats
42 creatures vanquished.

Notes
Turn   | Place    | Note
--------------------------------------------------------------
     0 | D:1      | Slimper123 the Tengu Air Elementalist began the quest for the Orb.
     0 | D:1      | Reached XP level 1. HP: 10/10 MP: 4/4
   333 | D:1      | Reached XP level 2. HP: 15/15 MP: 4/6
   444 | D:2      | Learned a level 2 spell: Swiftness
   447 | D:2      | Learned a level 2 spell: Repel Missiles
   605 | D:2      | Reached XP level 3. HP: 16/19 MP: 2/7
  1460 | D:2      | Found a white marble altar of Elyvilon.
  1464 | D:2      | Reached XP level 4. HP: 24/24 MP: 6/9
  1870 | D:3      | Gained mutation: You can fly. [Tengu growth]
  1870 | D:3      | Reached XP level 5. HP: 16/28 MP: 0/10
  1879 | D:3      | Slain by an orc priest

Skill      XL: |  1  2  3  4 |
---------------+-------------+-----
Conjurations   | 2 3 |  3.2
Dodging        | |  2.5
Stealth        | |  2.9
Spellcasting   | |  2.9
Air Magic      | |  4.8

Action                   |  1- 3 |  4- 6 || total
-------------------------+-------+-------++-------
Melee: Unarmed           |    15 |       ||    15
       Kick              |     8 |     5 ||    13
       Peck              |     3 |     2 ||     5
       Dagger            |    25 |    15 ||    40
 Cast: Shock             |    48 |    43 ||    91
       Repel Missiles    |     1 |       ||     1
       Swiftness         |       |     2 ||     2
  Use: Scroll            |     2 |       ||     2
       Potion            |     1 |       ||     1
  Eat: Chunk             |     2 |     2 ||     4
Armor: Robe              |    17 |     2 ||    19
Dodge: Dodged            |    48 |     4 ||    52
Block: Buckler           |     6 |     2 ||     8
